 Dungeon Crawl Stone Soup version 0.22-a0-110-g5b255cf (webtiles) character file.

1168 Gruud the Reanimator (level 8, -11/52 HPs)
             Began as a Demonspawn Necromancer on Jan 26, 2018.
             Killed from afar by an electric eel (12 damage)
             ... with a bolt of electricity
             ... on level 6 of the Dungeon on Jan 27, 2018.
             The game lasted 00:27:33 (5109 turns).

Gruud the Reanimator (Demonspawn Necromancer)       Turns: 5109, Time: 00:27:33

Health: -11/52     AC:  8    Str: 15    XL:     8   Next: 17%
Magic:  4/11       EV: 12    Int: 17    God:
Gold:   307        SH:  0    Dex: 14    Spells: 3/11 levels left

rFire    + . .     SeeInvis .   m - +0 dagger (protect)
rCold    + . .     Gourm    .   (no shield)
rNeg     . . .     Faith    .   A - +0 leather armour {rC+}
rPois    .         Spirit   .   (no helmet)
rElec    .         Reflect  .   w - +0 cloak
rCorr    .         Harm     .   (no gloves)
MR       .....                  (no boots)
Stlth    ++........             E - amulet of rage
HPRegen  0.17/turn              g - ring of wizardry
MPRegen  0.12/turn              B - +5 ring of strength

@: no status effects
A: talons 1, molten scales 3, powered by death 2
a: Evoke Berserk Rage


You were on level 6 of the Dungeon.
You were hungry.

You visited 2 branches of the dungeon, and saw 7 of its levels.

You collected 307 gold pieces.

Inventory:

Hand Weapons
 e - a +0 club
 f - a +0 blowgun
 i - a +0 short sword
 m - a +0 dagger of protection (weapon)
 q - a +0 hand axe of flaming
 s - a +1 war axe of freezing
Armour
 a - a +0 robe
 w - a +0 cloak (worn)
 A - a +0 leather armour of cold resistance (worn)
Jewellery
 g - a ring of wizardry (left hand)
 v - a +4 ring of strength
 B - a +5 ring of strength (right hand)
 E - an amulet of rage (around neck)
Scrolls
 h - a scroll of remove curse
 k - 2 scrolls of teleportation {unknown}
 n - a scroll of random uselessness {unknown}
 p - 3 scrolls of immolation
 t - 4 scrolls of magic mapping {unknown}
 u - 2 scrolls of enchant weapon {unknown}
 y - a scroll of fog {unknown}
 z - a scroll of identify
 D - 2 scrolls of noise
 G - a scroll of amnesia {unknown}
Potions
 d - a potion of curing
 j - a potion of lignification
 l - a potion of resistance
 o - a potion of agility
 r - a potion of heal wounds
 x - a potion of flight {unknown}
 C - 2 potions of haste
 F - 4 potions of brilliance
Books
 b - a book of Necromancy

   Spells                             Type                      Level
   a - Pain                           Necromancy                   1
   b - Animate Skeleton               Necromancy                   1
   c - Vampiric Draining              Necromancy                   3
   d - Regeneration                   Charms/Necromancy            3
   e - Animate Dead                   Necromancy                   4
Comestibles
 c - 13 rations


   Skills:
 - Level 1.7 Dodging
 - Level 1.7 Stealth
 - Level 2.0 Spellcasting
 * Level 11.3 Necromancy


You had 3 spell levels left.
You knew the following spells:

 Your Spells              Type           Power        Failure   Level  Hunger
a - Pain                  Necr           ####         1%          1    #......
b - Animate Skeleton      Necr           N/A          1%          1    #......
c - Vampiric Draining     Necr           #####.....   1%          3    ###....
d - Regeneration          Chrm/Necr      ###.......   2%          3    ###....


Dungeon Overview and Level Annotations

Branches:
Dungeon (6/15)             Temple (1/1) D:6

Altars:
Ashenzari
Dithmenos
Elyvilon
Fedhas
Hepliaklqana
Kikubaaqudgha
Makhleb
Nemelex Xobeh
Okawaru
Qazlal
Ru
Vehumet
Xom
The Shining One


Innate Abilities, Weirdness & Mutations

You have sharp toenails.
You are completely covered in molten scales. (AC +4, rF+)
You regenerate health from kills.


Message History

Aim: an electric eel (water, moderately wounded, chance to defeat MR: 89%)
The electric eel barely resists.
The electric eel shoots out a bolt of lightning at you!
The bolt of electricity hits you!
* * * LOW HITPOINT WARNING * * *
Casting: Pain (safe; 1% risk of failure)
Confirm with . or Enter, or press ? or * to list all spells.
Aiming: Pain (safe; 1% risk of failure)
Press: ? - help, Shift-Dir - straight line, f/p - electric eel
Aim: an electric eel (water, moderately wounded, chance to defeat MR: 89%)
The electric eel writhes in agony!
Casting: Pain (safe; 1% risk of failure)
Confirm with . or Enter, or press ? or * to list all spells.
Aiming: Pain (safe; 1% risk of failure)
Press: ? - help, Shift-Dir - straight line, f/p - electric eel
Aim: an electric eel (water, heavily wounded, chance to defeat MR: 89%)
The electric eel writhes in agony!
The electric eel shoots out a bolt of lightning at you!
The bolt of electricity hits you!
You die...

#.....# ##..(........
#.....# ####...##...
#.....# #...##...
#.....########........
#.............#.......
#.............+.......
#.............#...#
#......≈≈≈........####
#......≈#≈≈≈≈.@$......
#......≈≈≈≈#≈≈≈≈......
#.....≈≈≈#≈≈≈≈#≈.#####
#.....≈#≈≈≈≈#≈≈≈.#
.≈≈≈≈#≈;≈≈...
≈#≈≈≈≈#≈.... ≈≈≈#≈
..##. ≈# ≈≈ ..# ..


You could see an electric eel.

Vanquished Creatures
  2 phantoms (D:5)
  2 centaurs
  A scorpion (D:5)
  2 crimson imps (D:5)
  3 hounds
  3 iguanas
  A jelly (D:5)
  A bullfrog skeleton (D:6)
  3 orc wizards (D:4)
  4 worker ants (D:4)
  6 adders
  3 gnolls (D:5)
  An ooze (D:2)
  5 worms
  A dart slug (D:5)
  3 leopard geckos
  12 orcs
  9 bats
  6 giant cockroaches
  7 goblins
  9 hobgoblins
  5 jackals
  10 kobolds
  A quokka (D:6)
  5 frilled lizards
  A leopard gecko skeleton (D:4)
  4 rats
110 creatures vanquished.

Vanquished Creatures (collateral kills)
  A centaur (D:5)
  A crimson imp (D:5)
  A worker ant (D:4)
  A leopard gecko (D:2)
  A hobgoblin (D:2)
  3 jackals
  A quokka zombie (D:2)
9 creatures vanquished.

Grand Total: 119 creatures vanquished

Notes
Turn   | Place    | Note
-------+----------+-------------------------------------------
     0 | D:1      | Gruud the Demonspawn Necromancer began the quest for the Orb.
     0 | D:1      | Reached XP level 1. HP: 13/13 MP: 3/3
     2 | D:1      | Learned a level 1 spell: Animate Skeleton
   212 | D:1      | Gained mutation: You have sharp toenails. [demonic ancestry]
   212 | D:1      | Reached XP level 2. HP: 15/19 MP: 0/5
   235 | D:1      | Reached skill level 5 in Necromancy
   246 | D:1      | Found a sparkling altar of Nemelex Xobeh.
   819 | D:2      | Gained mutation: You are partially covered in molten scales. (AC +2) [demonic ancestry]
   819 | D:2      | Reached XP level 3. HP: 19/24 MP: 2/6
   981 | D:2      | Found a hazy altar of Hepliaklqana.
  1145 | D:2      | Reached skill level 6 in Necromancy
  1346 | D:2      | Gained mutation: You are mostly covered in molten scales. (AC +3) [demonic ancestry]
  1346 | D:2      | Reached XP level 4. HP: 23/30 MP: 2/7
  1418 | D:2      | Learned a level 3 spell: Vampiric Draining
  1963 | D:3      | Found a burning altar of Makhleb.
  2272 | D:3      | Found a faded altar of an unknown god.
  2534 | D:4      | Reached skill level 7 in Necromancy
  2534 | D:4      | Gained mutation: You regenerate a little health from kills. [demonic ancestry]
  2534 | D:4      | Reached XP level 5. HP: 25/35 MP: 1/8
  2748 | D:4      | Learned a level 3 spell: Regeneration
  2793 | D:4      | Noticed a centaur
  2934 | D:4      | Reached skill level 8 in Necromancy
  2934 | D:4      | Gained mutation: You regenerate health from kills. [demonic ancestry]
  2934 | D:4      | Reached XP level 6. HP: 18/41 MP: 1/9
  3330 | D:4      | Reached skill level 9 in Necromancy
  3779 | D:5      | Entered Level 5 of the Dungeon
  3840 | D:5      | Reached XP level 7. HP: 43/46 MP: 2/10
  4069 | D:5      | Reached skill level 10 in Necromancy
  4363 | D:5      | Gained mutation: You are completely covered in molten scales. (AC +4, rF+) [demonic ancestry]
  4363 | D:5      | Reached XP level 8. HP: 50/52 MP: 2/11
  4770 | D:6      | Reached skill level 11 in Necromancy
  4777 | D:6      | Found a sacrificial altar of Ru.
  4869 | D:6      | Found a staircase to the Ecumenical Temple.
  4880 | Temple   | Entered the Ecumenical Temple
  4956 | Temple   | Upgraded the game from 0.22-a0-109-gbeb7240 to 0.22-a0-110-g5b255cf
  5048 | D:6      | Found a shattered altar of Ashenzari.
  5107 | D:6      | HP: 2/52 [electric eel/bolt of electricity (13)]
  5109 | D:6      | Killed from afar by an electric eel

Vault maps used:
D:1:      evilmike_arrival_plus, kennysheep_nondescript,
          nemelex_xobeh_ov_fountains_minmay
D:2:      overflow_temple_1_default
D:3:      chequers_ecumenical_altar_grove, bloody_makhleb
D:4:      first_ration, eino_small_chamber_without_monster,
          minmay_misc_feat_hallway, grunt_ministairs_11, hex_tiny
D:6:      nicolae_overflow_crystal_walls, minmay_temple_entry_statues_pillars,
          basic_altar, nicolae_lava_and_water, cheibriados_altar_1
Temple:   jpeg_temple_clearing

Skill      XL: |  1  2  3  4  5  6  7  8 |
---------------+-------------------------+-----
Necromancy     | 5 6 7 8 9 10 11 | 11.3
Dodging        | |  1.7
Stealth        | |  1.7
Spellcasting   | |  2.0

Action                   |  1- 3 |  4- 6 |  7- 9 || total
-------------------------+-------+-------+-------++-------
Melee: Club              |     3 |       |       ||     3
       Dagger            |     4 |    48 |    31 ||    83
       Kick              |     2 |    13 |    31 ||    46
       Hand axe          |       |    25 |    77 ||   102
       War axe           |       |     3 |    22 ||    25
 Cast: Pain              |    62 |   115 |    46 ||   223
       Animate Skeleton  |    10 |    27 |     6 ||    43
       Vampiric Draining |       |     4 |     2 ||     6
       Regeneration      |       |     4 |    11 ||    15
  Use: Potion            |       |     1 |       ||     1
       Scroll            |       |       |    10 ||    10
 Stab: Distracted        |       |     1 |       ||     1
       Sleeping          |       |       |     2 ||     2
  Eat: Chunk             |     2 |    12 |     6 ||    20
Armor: Robe              |     4 |    45 |    11 ||    60
       Leather armour    |       |       |    44 ||    44
Dodge: Dodged            |    10 |    80 |    74 ||   164

Table legend:
 A = Spawn XP
 B = Non-spawn XP
 C = Spawn XP percentage of total XP
 D = Spawn monster count
 E = Non-spawn monster count
 F = Spawn count percentage of total count
 G = Total turns spent on level
                    A         B        C        D         E        F      G
               +---------+---------+-------+---------+---------+-------+---------
         Total |       0 |    1669 |   0.0 |       0 |     119 |   0.0 |  5109
               +---------+---------+-------+---------+---------+-------+---------
           D:1 |       0 |      28 |   0.0 |       0 |      19 |   0.0 |   714
           D:2 |       0 |      75 |   0.0 |       0 |      24 |   0.0 |   911
           D:3 |       0 |      74 |   0.0 |       0 |      20 |   0.0 |   825
           D:4 |       0 |     540 |   0.0 |       0 |      29 |   0.0 |  1329
           D:5 |       0 |     729 |   0.0 |       0 |      21 |   0.0 |   985
           D:6 |       0 |     223 |   0.0 |       0 |       6 |   0.0 |   266
               +---------+---------+-------+---------+---------+-------+---------
